 Dungeon Crawl Stone Soup version 0.32-a0-931-g5a2cda0630 (webtiles) character file.

Game seed: 15874191103854512691

14 Meejax the Cudgeller (level 2, 22/22 HPs)
             Began as a Demonspawn Gladiator on Apr 14, 2024.
             Got out of the dungeon alive.
             The game lasted 00:01:21 (280 turns).

Meejax the Cudgeller (Demonspawn Gladiator)          Turns: 280, Time: 00:01:22

Health: 22/22      AC:  4    Str: 14    XL:     2   Next: 27%
Magic:  2/2        EV: 11    Int:  8    God:
Gold:   0          SH:  0    Dex: 14    Spells: 1/1 levels left

rFire   . . .        a - +0 flail
rCold   . . .        (no shield)
rNeg    . . .        b - +0 leather armour
rPois   .            c - +0 helmet
rElec   .            (no cloak)
rCorr   .            (no gloves)
SInv    .            (no boots)
Will    .....        (no amulet)
Stlth   +            (no ring)
HPRegen 0.23/turn    (no ring)
MPRegen 0.08/turn

%: no passive effects
@: no status effects
A: claws 1
a: no special abilities


You escaped.
You visited 1 branch of the dungeon, and saw 1 of its levels.

Inventory:

Hand Weapons
 a - a +0 flail (weapon)
Missiles
 d - 3 throwing nets (quivered)
 e - a javelin
Armour
 b - a +0 leather armour (worn)
 c - a +0 helmet (worn)
Scrolls
 f - 2 scrolls of identify {unknown}
Potions
 g - a potion of degeneration {unknown}


   Skills:
 + Level 2.3 Fighting
 + Level 3.0 Maces & Flails
 + Level 1.8 Throwing
 + Level 0.3 Armour
 + Level 2.8 Dodging


You had one spell level left.
You didn't know any spells.
Your spell library was empty.

Dungeon Overview and Level Annotations

Branches:
Dungeon (1/15)

Altars:


Innate Abilities, Weirdness & Mutations

You have sharp fingernails.


Message History

A rat comes into view.
The rat moves out of view.
A rat is nearby!
The rat closely misses you.
You closely miss the rat. The rat completely misses you.
The rat closely misses you.
You sock the rat!
You kill the rat!
You see here a rat corpse.
You see here a rat corpse.
g - an orange potion A goblin comes into view.
It is wielding a +0 dagger.
Found a scroll labelled FINEGE XAPEAPS.
The goblin shouts!
A goblin is nearby!
A goblin is nearby!
You can't go up here!
Press: ? - help, v - describe, . - travel The floor.
A goblin is nearby!
A ball python comes into view.
The ball python hisses angrily.
The ball python barely misses you. x2
You closely miss the ball python. The ball python bites you.
The ball python grabs you. The ball python constricts you.
You hit the ball python.
The ball python is severely wounded.
The ball python bites you but does no damage.
The ball python constricts you. The ball python barely misses you.
The ball python constricts you.
You hit the ball python.
You kill the ball python!
Your Maces & Flails skill increases to level 3!
You sock the goblin!
You kill the goblin!
You see here a +0 dagger.
You see here a +0 dagger.
There is an open door here.
There is a staircase leading out of the dungeon here.
You have escaped!

#####........#.##...##.#
........####.#......##.#
#####..## #.'.....⌠##.#
#..# ###......##.#
#..#######.##..≈##.#
#........#.##.≈≈##.#
#..#######...≈≈≈##g#
#..# #...≈≈≈##.# #..#
#..@≈≈⌠##.# #..#
#########.#
#.)###############.#
#..................#
##..################
##.# #.# #.# #.#


There were no monsters in sight!

Vanquished Creatures
  2 ball pythons (D:1)
  An endoplasm (D:1)
  A giant cockroach (D:1)
  4 goblins (D:1)
  A hobgoblin (D:1)
  A bat (D:1)
  A kobold (D:1)
  2 rats (D:1)
13 creatures vanquished.

Notes
Turn   | Place    | Note
-------+----------+-------------------------------------------
     0 | D:1      | Meejax the Demonspawn Gladiator began the quest for the
                  | Orb.
     0 | D:1      | Reached XP level 1. HP: 16/16 MP: 1/1
   154 | D:1      | Gained mutation: You have sharp fingernails. [demonic
                  | ancestry]
   154 | D:1      | Reached XP level 2. HP: 21/22 MP: 2/2
   251 | D:1      | Reached skill level 3 in Maces & Flails
   280 | D:$      | Got out of the dungeon alive.

Illustrated notes

Levels and vault maps discovered:
D:1:      amcnicky_arrival_flooded_fountain, layout_loops_ring

Skill      XL: |  1  2 |
---------------+-------+-----
Maces & Flails | 3 |  3.0
Fighting       | |  2.3
Throwing       | |  1.8
Armour         | |  0.3
Dodging        | |  2.8

Action                     || total
---------------------------++-------
  Melee: Flail             ||    43
 Armour: Leather armour    ||    36
  Dodge: Dodged            ||    29

Table legend: (Time is in decaauts)
 A = Elapsed time spent in this place.
 B = Non-inter-level travel time spent in this place.
 C = Inter-level travel time spent in this place.
 D = Time resting spent in this place.
 E = Time spent auto-exploring this place.
 F = Levels seen in this place.
 G = Mean time per level.
                   A        B        C        D        E       F      G
               +--------+--------+--------+--------+--------+-----+--------+
         Total |    291 |    271 |     20 |      0 |    120 |   1 |  291.0 |
       Dungeon |    291 |    271 |     20 |      0 |    120 |   1 |  291.0 |
               +--------+--------+--------+--------+--------+-----+--------+

Top non-repeatable levels by time:
     D:1: 291 daAuts
